 Dungeon Crawl Stone Soup version 0.21.0-37-g46506fa5f3 (webtiles) character file.

118 Jannitor the Cudgeler (level 5, -5/43 HPs)
             Began as a Formicid Chaos Knight on Jan 31, 2018.
             Slain by Sigmund
             ... wielding a +3 scythe of protection
              (13 damage)
             ... on level 3 of the Dungeon.
             The game lasted 00:04:53 (1948 turns).

Jannitor the Cudgeler (Formicid Chaos Knight)       Turns: 1948, Time: 00:04:55

Health: -5/43      AC:  5    Str: 17    XL:     5   Next: 23%
Magic:  5/5        EV:  8    Int: 12    God:    Xom [..*...]
Gold:   78         SH:  7    Dex: 10    Spells: 4/4 levels left

rFire    . . .     SeeInvis +   a - +1 mace (chaos)
rCold    . . .     Gourm    .   d - +0 shield
rNeg     . . .     Faith    .   b - +2 leather armour
rPois    .         Spirit   .   (helmet unavailable)
rElec    .         Reflect  .   (no cloak)
rCorr    .         Harm     .   (no gloves)
MR       .....                  (no boots)
Stlth    +.........             (no amulet)
HPRegen  0.14/turn              (no ring)
MPRegen  0.09/turn              (no ring)

@: no status effects
A: permanent stasis, dig shafts and tunnels, four strong arms, antennae 3
a: Dig, Shaft Self, Renounce Religion


You were on level 3 of the Dungeon.
You worshipped Xom.
You were a toy of Xom.
You were not hungry.

You visited 1 branch of the dungeon, and saw 3 of its levels.

You collected 78 gold pieces.

Inventory:

Hand Weapons
 a - a +1 mace of chaos (weapon)
Armour
 b - a +2 leather armour (worn)
 d - a +0 shield (worn)
Scrolls
 h - 2 scrolls of remove curse
 i - a scroll of identify {unknown}
 k - 2 scrolls of teleportation {unknown}
 l - 2 scrolls of enchant armour {unknown}
Potions
 e - a potion of magic
Comestibles
 c - 4 rations


   Skills:
 + Level 4.4 Fighting
 + Level 4.4 Maces & Flails
 + Level 2.5 Armour
 - Level 0.8 Dodging
 + Level 1.2 Shields


You had 4 spell levels left.
You didn't know any spells.

Dungeon Overview and Level Annotations

Branches:
Dungeon (3/15)

Altars:

Annotations:
D:3 Sigmund


Innate Abilities, Weirdness & Mutations

You cannot be hasted, slowed, berserked, paralysed or teleported.
You can dig through walls and to a lower floor.
Your four strong arms can wield two-handed weapons with a shield.
You have a pair of large antennae on your head. (SInv)


Message History

The magic dart hits you!
* * * LOW HITPOINT WARNING * * *
Unknown command.
Sigmund is engulfed in seething chaos.
Unknown command.
Unknown command.
A frilled lizard comes into view.
Sigmund is engulfed in seething chaos.
Sigmund is no longer unusually resistant.
Sigmund is engulfed in seething chaos.
Sigmund is moving more slowly.
Xom thinks this is hilarious!
You hit the frilled lizard.
You kill the frilled lizard!
Unknown command.
You hit Sigmund but do no damage.
Sigmund is lightly wounded.
Sigmund is engulfed in seething chaos.
Sigmund hits you with a scythe of protection!
You die...
Xom cackles wildly!

.... #.#....# ....
####'####.### #
#...........# ..
#......##.#.#
.?##......##.#.# ...
...........##.#.#
@#.#.###......##.#+#+###
.
....###.....@##........
#.
.#........#.#@........
...
[.##...###.@†........
##..#. #...#
#.#....#+###
.%....##...# ####...#
#..'...+ >......
......##<..# ##.....
#.#.#. #...# ...... ..
.. #...# ...... #. .#.
.#### ....


You could see Sigmund (petrifying).

Vanquished Creatures
  An orc wizard (D:3)
  5 adders
  A worm (D:2)
  A dart slug (D:1)
  2 orcs (D:3)
  2 ball pythons
  5 bats (D:1)
  2 giant cockroaches
  6 goblins
  4 hobgoblins
  3 frilled lizards
  3 kobolds
  5 rats
40 creatures vanquished.

Vanquished Creatures (others)
  A rat (D:2)
1 creature vanquished.

Grand Total: 41 creatures vanquished

Notes
Turn   | Place    | Note
-------+----------+-------------------------------------------
     0 | D:1      | Jannitor the Formicid Chaos Knight began the quest for the Orb.
     0 | D:1      | Reached XP level 1. HP: 18/18 MP: 1/1
    76 | D:1      | Reached XP level 2. HP: 24/24 MP: 2/2
   442 | D:1      | XOM: mild Summ miscast
   443 | D:1      | Noticed a spatial vortex
   591 | D:1      | XOM: divination: detect creatures
   656 | D:2      | Reached XP level 3. HP: 30/30 MP: 3/3
   966 | D:2      | Reached XP level 4. HP: 21/37 MP: 4/4
  1019 | D:2      | XOM: divination: detect creatures
  1671 | D:3      | XOM: stealth player
  1674 | D:3      | Noticed Sigmund
  1885 | D:3      | Reached skill level 1 in Shields
  1885 | D:3      | Reached XP level 5. HP: 28/43 MP: 5/5
  1897 | D:3      | XOM: harmless Chrm miscast
  1922 | D:3      | XOM: cloud trail
  1923 | D:3      | XOM: silly message
  1948 | D:3      | Slain by Sigmund

Skill      XL: |  1  2  3  4 |
---------------+-------------+-----
Fighting       | 4 |  4.4
Maces & Flails | 4 |  4.4
Shields        | 1 |  1.2
Armour         | |  2.5
Dodging        | |  0.8

Action                   |  1- 3 |  4- 6 || total
-------------------------+-------+-------++-------
Melee: Mace              |    67 |    63 ||   130
  Use: Potion            |     1 |     2 ||     3
       Scroll            |       |     2 ||     2
  Eat: Chunk             |       |     3 ||     3
Armor: Leather armour    |    24 |    12 ||    36
Dodge: Dodged            |    58 |    24 ||    82
Block: Shield            |       |    15 ||    15
